 Dungeon Crawl Stone Soup version 0.23.2-1-ga50397a (webtiles) character file.

Game seed: 10751666275292876166

210 Borgoz the Chopper (level 5, 0/32 HPs)
             Began as a Gargoyle Gladiator on May 14, 2019.
             Killed from afar by an orc wizard (3 damage)
             ... with a magic dart
             ... on level 4 of the Dungeon.
             The game lasted 00:02:57 (2388 turns).

Borgoz the Chopper (Gargoyle Gladiator)             Turns: 2388, Time: 00:02:58

Health: 0/32       AC: 12    Str: 17    XL:     5   Next: 87%
Magic:  5/5        EV: 11    Int:  9    God:
Gold:   138        SH:  0    Dex: 12    Spells: 4/4 levels left

rFire    . . .     SeeInvis .   a - +0 war axe
rCold    . . .     Gourm    .   (no shield)
rNeg     + . .     Faith    .   g - +0 scale mail
rPois    ∞         Spirit   .   c - +0 helmet
rElec    +         Reflect  .   (no cloak)
rCorr    .         Harm     .   (no gloves)
MR       .....                  n - +0 pair of boots
Stlth    ..........             (no amulet)
HPRegen  0.10/turn              (no ring)
MPRegen  0.09/turn              (no ring)

@: no status effects
A: negative energy resistance 1, electricity resistance, unbreathing,
petrification resistance, rot immunity, AC +4
a: no special abilities


You were on level 4 of the Dungeon.
You were not hungry.

You visited 1 branch of the dungeon, and saw 4 of its levels.

You collected 138 gold pieces.

Inventory:

Hand Weapons
 a - a +0 war axe (weapon)
Missiles
 d - 5 throwing nets (quivered)
Armour
 c - a +0 helmet (worn)
 g - a +0 scale mail (worn)
 n - a +0 pair of boots (worn)
Jewellery
 h - an uncursed ring of magical power {unknown}
 p - an uncursed amulet of guardian spirit {unknown}
Scrolls
 b - a scroll of enchant armour {unknown}
 e - 2 scrolls of identify {unknown}
 i - 3 scrolls of remove curse {unknown}
 k - a scroll of enchant weapon {unknown}
 o - a scroll of teleportation {unknown}
 q - a scroll of fear {unknown}
Potions
 j - 2 potions of curing
 l - a potion of lignification {unknown}
 m - 2 potions of heal wounds
Comestibles
 f - 5 rations


   Skills:
 + Level 3.2 Fighting
 * Level 4.0 Axes
 - Level 1.7 Throwing
 + Level 2.1 Armour
 * Level 3.6 Dodging


You had 4 spell levels left.
You didn't know any spells.
Your spell library was empty.

Dungeon Overview and Level Annotations

Branches:
Dungeon (4/15)
 Temple: D:4-7

Altars:
Elyvilon
Nemelex Xobeh


Innate Abilities, Weirdness & Mutations

You are resistant to torment.
Your stone body is resilient. (AC +4)
You are immune to poison.
You resist negative energy. (rN+)
You are resistant to electric shocks. (rElec)
You can survive without breathing.
You are immune to petrification.
You are immune to rotting.


Message History

You barely miss the orc wizard.
The orc wizard is severely wounded.
You hit the orc but do no damage. You closely miss something.
You barely miss the orc.
You hit the orc wizard but do no damage.
You feel less confused. Something hits you but does no damage.
The orc wizard hits you with a cursed +0 dagger.
The orc barely misses you.
The orc wizard points at you and mumbles some strange words.
The puff of flame hits you. The orc hits you.
The orc hits you with a +0 morningstar!
* * * LOW HITPOINT WARNING * * *
You hear some strange, mumbled words.
A puff of flame appears from out of thin air!
The puff of flame hits you.
* * * LOW HITPOINT WARNING * * *
The orc wizard points at you and mumbles some strange words.
The magic dart hits you.
You die...

#...###......
######.............
......<...###.#....
#######...#..#....#
######....#...#..### #
#.......#...#...#.. >#
#.###.#...#...#...#..#
#...#.o.#.oo#....#
#.#...#§..#@o.#
#...#o..#oo{#....#
#.#...#..o#...#...#
#...#.!.#...#......
#.#...#...#...#...#
##..#...#...# . .##
##...#...#[. .. .. .
..# .## ## # ## #


You could see 2 orc wizards and 4 orcs.

Vanquished Creatures
  An orc wizard (D:4)
  4 adders
  7 gnolls
  An ooze (D:1)
  2 worms
  A dart slug (D:1)
  2 orcs (D:3)
  A ball python (D:1)
  3 giant cockroaches
  4 hobgoblins
  7 jackals
  2 quokkas (D:3)
  10 bats
  A frilled lizard (D:1)
  6 goblins
  12 kobolds
  8 rats
72 creatures vanquished.

Notes
Turn   | Place    | Note
-------+----------+-------------------------------------------
     0 | D:1      | Borgoz the Gargoyle Gladiator began the quest for the Orb.
     0 | D:1      | Reached XP level 1. HP: 12/12 MP: 1/1
   352 | D:1      | Reached XP level 2. HP: 17/17 MP: 2/2
   373 | D:1      | Reached skill level 3 in Axes
  1027 | D:2      | Reached XP level 3. HP: 17/22 MP: 3/3
  1030 | D:2      | Reached skill level 1 in Armour
  1241 | D:2      | Reached XP level 4. HP: 6/27 MP: 4/4
  1304 | D:2      | Found a sparkling altar of Nemelex Xobeh.
  1762 | D:3      | Found a white marble altar of Elyvilon.
  1876 | D:3      | Reached XP level 5. HP: 32/32 MP: 5/5
  2381 | D:4      | Reached skill level 4 in Axes
  2388 | D:4      | Killed from afar by an orc wizard

Skill      XL: |  1  2  3  4  5 |
---------------+----------------+-----
Axes           | 3 4 |  4.0
Armour         | 1 2 |  2.1
Dodging        | 3 |  3.6
Fighting       | 3 |  3.2
Throwing       | |  1.7

Action                   |  1- 3 |  4- 6 || total
-------------------------+-------+-------++-------
Melee: War axe           |   106 |   155 ||   261
  Use: Potion            |       |     2 ||     2
  Eat: Chunk             |     1 |     4 ||     5
Armor: Scale mail        |    66 |   139 ||   205
       Chain mail        |     4 |       ||     4
Dodge: Dodged            |    72 |   146 ||   218
